Map: [ESL] Alcyone

Players

Scarlett - Winner!

  • Race: Zerg Zerg
  • Spawn Location: 7:00

Geralt (Gerald)

  • Race: Protoss Protoss
  • League: Grandmaster
  • Spawn Location: 1:00

Event: IEM Katowice 2024

VOD

Have the link to the VOD?

Description

Time

  • Played on: Dec. 7, 2023, 2:55 p.m.
  • Length: 17:55

All games in this series

Show
View Real Time Build Order
Export as new Build Order

Scarlett Zerg - Winner!

Build Orders: Hatch First 

Get SALT Encoding   

  12  0:00  Drone  
  13  0:12  Overlord  
  13  0:17  Drone  
  14  0:30  Drone x2  
  16  0:47  Hatchery  
  15  0:51  Drone  
  15  0:54  Drone  
  17  0:57  Drone  
  18  1:08  Extractor  
  17  1:12  Spawning Pool  
  17  1:16  Drone  
  17  1:19  Drone  
  18  1:28  Drone  
  19  1:39  Drone  
  20  1:49  Drone  
  21  1:59  Queen x2  
  21  2:00  Zergling x2, Overlord  
  26  2:14  Drone  
  26  2:15  Drone, Metabolic Boost  
  28  2:21  Drone x2  
  30  2:32  Drone x2  
  30  2:36  Hatchery  
  31  2:42  Queen  
  33  2:47  Overlord  
  33  2:57  Zergling x2  
  34  3:01  Drone x2  
  36  3:07  Zergling x8  
  39  3:15  Queen, Overlord  
  41  3:24  Overlord  
  41  3:28  Drone x2  
  43  3:44  Drone x5  
  43  3:46  Queen  
  48  3:49  Drone x5  
  48  3:51  Queen  
  48  3:53  Spore Crawler  
  54  3:58  Drone  
  54  4:01  Drone x2  
  56  4:11  Drone x3  
  56  4:15  Hatchery  
  58  4:19  Drone  
  58  4:20  Drone x3  
  62  4:28  Drone x3, Overlord  
  65  4:31  Spore Crawler  
  65  4:33  Lair  
  65  4:37  Spore Crawler  
  63  4:41  Drone x2  
  65  4:45  Overlord  
  65  4:49  Extractor x2  
  65  4:50  Extractor x2  
  65  4:52  Drone x6, Overlord  
  67  4:59  Drone x4  
  70  5:03  Drone x3  
  70  5:06  Overlord  
  73  5:13  Zergling x10  
  78  5:22  Zergling x6  
  78  5:24  Overlord x2  
  81  5:32  Zergling x2  
  81  5:33  Zergling x2, Hydralisk Den  
  81  5:35  Hatchery  
  81  5:36  Zergling x4  
  81  5:39  Zergling x2  
  84  5:45  Zergling x14  
  91  5:56  Zergling x6  
  94  5:57  Overlord x4  
  94  6:08  Muscular Augments  
  94  6:09  Hydralisk x5  
  104  6:11  Hydralisk  
  104  6:17  Hydralisk x2  
  110  6:23  Hydralisk x3  
  116  6:32  Hydralisk x4  
  122  6:40  Hydralisk x4  
  128  6:51  Zergling x4  
  128  6:52  Overlord x4  
  123  7:10  Hatchery  
  123  7:12  Hydralisk x5, Grooved Spines  
  123  7:13  Zergling x2  
  132  7:19  Hydralisk x3  
  136  7:24  Drone  
  129  7:35  Drone x8  
  133  7:38  Drone x2  
  133  7:40  Extractor  
  133  7:43  Drone x2  
  136  7:44  Drone, Evolution Chamber  
  136  7:45  Evolution Chamber  
  136  7:47  Baneling Nest  
  131  7:59  Hydralisk x6  
  131  8:00  Zergling x2  
  131  8:05  Hydralisk x2  
  144  8:09  Drone  
  145  8:20  Zerg Melee Weapons Level 1  
  145  8:21  Zerg Missile Weapons Level 1  
  145  8:23  Hydralisk  
  145  8:24  Hydralisk x3  
  153  8:30  Zergling x16  
  153  8:32  Centrifugal Hooks  
  159  8:34  Baneling x5  
  159  8:35  Zergling x4  
  161  8:42  Drone  
  161  8:46  Zergling x8, Baneling x5  
  166  8:52  Baneling x5  
  166  8:53  Spore Crawler  
  165  8:59  Drone x2  
  167  9:23  Zergling x12  
  146  9:37  Drone x7  
  140  9:39  Drone  
  140  9:40  Drone x5  
  140  9:42  Hydralisk x11  
  152  9:59  Drone x7  
  156  10:02  Spine Crawler  
  156  10:04  Hatchery  
  156  10:05  Baneling x4  
  153  10:08  Queen x2  
  157  10:14  Queen x2  
  157  10:17  Drone x3  
  164  10:21  Overlord  
  164  10:22  Overlord  
  164  10:34  Zergling x10, Zerg Melee Weapons Level 2, Zerg Missile Weapons Level 2  
  167  10:44  Zergling x24  
  174  11:00  Infestation Pit  
  174  11:01  Drone x10  
  178  11:06  Spine Crawler  
  178  11:07  Spine Crawler  
  175  11:14  Baneling x16  
  175  11:17  Zergling x16  
  183  11:19  Baneling x9  
  177  11:31  Zergling x24  
  189  11:33  Overlord x2  
  189  11:40  Pneumatized Carapace  
  184  11:53  Drone x2, Spine Crawler  
  184  11:54  Spore Crawler, Spine Crawler  
  184  12:00  Zergling x24  
  195  12:02  Hive  
  195  12:05  Zergling x8  
  186  12:16  Zergling x10  
  190  12:23  Zergling x2  
  190  12:24  Zergling x6  
  190  12:29  Hatchery  
  193  12:32  Hydralisk x3  
  193  12:35  Overseer x2  
  199  12:37  Overseer  
  199  12:38  Baneling x10  
  199  12:41  Baneling x16  
  199  12:42  Hatchery  
  195  13:01  Zergling x12  
  193  13:09  Overlord x3  
  193  13:10  Overseer x2  
  175  13:20  Zergling x2  
  175  13:21  Zergling x32, Overseer x2  
  175  13:22  Baneling x2  
  187  13:31  Zerg Missile Weapons Level 3, Zerg Melee Weapons Level 3  
  187  13:32  Adrenal Glands  
  179  13:35  Zergling x30  
  187  13:48  Baneling x10  
  187  13:50  Zergling x2  
  187  13:51  Zergling x14, Hatchery  
  194  14:01  Zergling x12  
  198  14:13  Spore Crawler  
  198  14:14  Hatchery, Spine Crawler  
  185  14:32  Zergling x36  
  185  14:35  Zergling x14  
  179  14:46  Hydralisk x8  
  188  14:53  Zergling x2  
  188  14:57  Drone x3  
  186  15:02  Zergling x16  
  186  15:03  Baneling x11  
  186  15:04  Baneling x18  
  186  15:06  Hatchery  
  191  15:13  Zergling x16  
  199  15:17  Spore Crawler  
  199  15:19  Drone  
  199  15:20  Spore Crawler  
  197  15:49  Zergling x18  
  187  15:59  Zergling x14  
  190  16:04  Overlord x3  
  190  16:08  Overlord x2  
  189  16:18  Hatchery  
  185  16:21  Zergling x6  
  185  16:22  Zergling x36, Unknown  
  184  16:32  Zergling x26  
  179  16:39  Zergling x18  
  175  16:45  Baneling x18  
  160  16:48  Drone x7  
  160  16:50  Baneling x12  
  164  16:54  Overseer  
  164  16:55  Overseer  
  153  17:08  Zergling x34  
  161  17:17  Hydralisk  
  161  17:18  Hydralisk x6  
  168  17:28  Hydralisk x5  
Show
View Real Time Build Order
Export as new Build Order

Geralt Protoss 

Build Orders: 1 Gate Expand, Oracle Opening 

Get SALT Encoding   

  12  0:00  Probe  
  13  0:12  Probe  
  14  0:20  Pylon  
  14  0:26  Probe (Chrono Boost)  
  15  0:38  Probe (Chrono Boost)  
  15  0:40  Gateway  
  16  0:46  Probe (Chrono Boost)  
  16  0:49  Assimilator  
  17  0:52  Probe  
  18  1:04  Probe  
  19  1:16  Probe  
  20  1:25  Nexus  
  20  1:31  Probe  
  21  1:39  Cybernetics Core  
  21  1:43  Probe  
  21  1:46  Assimilator  
  22  1:53  Pylon  
  22  1:59  Probe  
  23  2:11  Probe  
  23  2:14  Adept (Chrono Boost)  
  26  2:24  Stargate, Probe  
  27  2:34  Adept (Chrono Boost)  
  27  2:36  Probe  
  30  2:39  Probe  
  30  2:41  Warp Gate  
  31  2:48  Probe  
  31  2:51  Probe  
  33  2:56  Adept  
  35  3:00  Probe  
  35  3:03  Probe  
  37  3:10  Oracle (Chrono Boost)  
  37  3:12  Probe  
  38  3:15  Probe  
  42  3:20  Pylon  
  42  3:24  Probe  
  43  3:27  Probe  
  43  3:30  Gateway  
  44  3:36  Pylon, Probe  
  44  3:39  Probe  
  44  3:40  Oracle  
  47  3:48  Probe  
  47  3:53  Nexus  
  48  4:01  Shield Battery  
  48  4:02  Probe  
  49  4:03  Probe  
  49  4:09  Assimilator  
  50  4:12  Gateway  
  50  4:13  Gateway  
  50  4:15  Probe  
  51  4:19  Probe  
  52  4:26  Twilight Council  
  52  4:27  Probe  
  55  4:37  Stalker x2  
  58  4:38  Probe  
  58  4:41  Probe  
  59  4:49  Pylon  
  59  4:50  Probe  
  60  4:53  Probe  
  60  4:59  Pylon  
  61  5:02  Probe  
  61  5:06  Probe  
  63  5:09  Stalker x4  
  63  5:10  Probe  
  63  5:12  Blink (Chrono Boost)  
  72  5:14  Probe  
  72  5:18  Probe  
  74  5:22  Probe  
  74  5:24  Forge  
  74  5:26  Probe  
  76  5:28  Pylon  
  76  5:38  Stalker x3, Probe  
  76  5:39  Stalker  
  76  5:42  Probe  
  86  5:43  Probe  
  86  5:47  Protoss Ground Weapons Level 1 (Chrono Boost)  
  87  5:50  Probe  
  87  5:51  Gateway  
  88  5:57  Gateway  
  88  6:00  Gateway  
  88  6:02  Probe  
  89  6:05  Gateway  
  89  6:09  Probe  
  89  6:10  Stalker x3  
  96  6:14  Probe  
  96  6:15  Assimilator  
  97  6:19  Pylon  
  97  6:25  Nexus  
  93  6:43  Stalker x3  
  93  6:44  Stalker  
  97  6:49  Probe x2  
  97  6:52  Photon Cannon, Shield Battery  
  97  6:53  Probe  
  100  6:56  Pylon x2  
  100  6:59  Stalker x2  
  104  7:02  Gateway  
  104  7:03  Gateway  
  104  7:11  Stalker x2  
  108  7:19  Stalker x4  
  116  7:24  Charge (Chrono Boost)  
  116  7:26  Zealot x2  
  118  7:40  Zealot, Probe  
  118  7:41  Zealot  
  118  7:42  Protoss Ground Weapons Level 2  
  123  7:44  Zealot x4  
  131  7:54  Zealot x2  
  131  8:04  Zealot  
  131  8:05  Zealot x7  
  136  8:12  Pylon  
  136  8:15  Pylon  
  136  8:17  Pylon  
  136  8:23  Nexus  
  136  8:24  Pylon  
  135  8:41  Zealot x3, Probe  
  135  8:42  Zealot x4  
  149  8:56  Pylon  
  149  8:57  Dark Shrine  
  149  9:04  Pylon  
  149  9:06  Pylon  
  149  9:14  Oracle, Probe x3  
  155  9:29  Stalker x10  
  157  9:32  Probe x2  
  153  9:41  Probe  
  146  9:50  Probe  
  146  9:51  Probe  
  144  9:54  Probe  
  144  9:56  Zealot x10  
  155  10:01  Probe  
  155  10:02  Probe  
  155  10:03  Probe  
  155  10:05  Photon Cannon  
  155  10:06  Photon Cannon  
  156  10:07  Shield Battery  
  156  10:11  Assimilator  
  156  10:15  Assimilator  
  152  10:38  Stalker x10  
  163  10:50  Pylon  
  159  11:00  Pylon  
  159  11:02  Protoss Ground Weapons Level 3 (Chrono Boost)  
  159  11:03  Templar Archives  
  149  11:04  Probe  
  149  11:08  Probe  
  149  11:10  Dark Templar  
  149  11:11  Dark Templar x3  
  155  11:13  Zealot x2  
  155  11:14  Zealot x4  
  155  11:15  Nexus  
  167  11:30  Probe  
  168  11:34  Probe  
  168  11:36  Pylon  
  168  11:37  Oracle  
  172  11:42  Psionic Storm  
  172  11:44  Nexus  
  172  11:45  Pylon  
  172  11:52  High Templar, Probe  
  172  11:53  High Templar  
  177  11:57  Photon Cannon  
  177  11:58  Photon Cannon  
  177  11:59  Pylon  
  177  12:00  Shield Battery  
  177  12:02  Assimilator  
  177  12:04  Assimilator  
  177  12:05  Pylon  
  165  12:13  Archon  
  157  12:19  Probe  
  146  12:25  Photon Cannon, Probe  
  146  12:27  Photon Cannon  
  146  12:28  Shield Battery  
  146  12:29  Robotics Facility, Shield Battery  
  147  12:31  Probe  
  147  12:34  Photon Cannon  
  147  12:36  Zealot  
  147  12:37  Zealot x7, Photon Cannon  
  154  12:39  Photon Cannon  
  154  12:41  Robotics Facility  
  154  12:42  Shield Battery  
  164  12:44  Shield Battery  
  164  12:47  Shield Battery  
  162  12:54  High Templar x2  
  166  13:05  Zealot x2  
  154  13:10  Stalker x5  
  154  13:11  Stalker  
  154  13:12  Probe  
  140  13:28  Immortal (Chrono Boost)  
  140  13:32  Immortal (Chrono Boost)  
  140  13:34  Dark Templar x4  
  150  13:35  Zealot x6  
  150  13:40  Archon x2  
  167  13:46  Probe  
  168  13:52  Assimilator  
  168  13:56  Nexus  
  168  14:01  Dark Templar  
  170  14:05  Immortal (Chrono Boost)  
  170  14:09  High Templar  
  180  14:11  Immortal (Chrono Boost)  
  180  14:16  Pylon  
  180  14:21  Zealot  
  180  14:22  Zealot x3  
  188  14:25  Probe  
  187  14:34  Stalker  
  187  14:35  Stalker x3  
  187  14:37  Immortal, Stalker  
  181  14:39  Probe  
  174  14:49  Immortal  
  176  14:55  Stalker x5  
  172  15:00  Probe  
  172  15:01  Probe  
  172  15:04  Pylon  
  172  15:06  Probe  
  173  15:14  Assimilator  
  173  15:15  Nexus  
  173  15:16  Immortal  
  173  15:17  High Templar  
  173  15:18  High Templar x3  
  185  15:27  Archon  
  185  15:28  High Templar  
  187  15:30  Pylon  
  187  15:40  Dark Templar  
  189  15:47  Zealot x4  
  186  15:55  Zealot x4  
  181  15:57  Probe  
  182  16:06  Dark Templar  
  188  16:12  Probe  
  169  16:29  Archon  
  169  16:32  Zealot x6  
  170  16:33  Zealot x2  
  170  16:35  Probe  
  170  16:37  Immortal  
  170  16:39  Probe  
  160  16:56  High Templar x7  
  166  17:01  Probe  
  131  17:11  Archon  
  131  17:12  Archon x2  
  119  17:17  Zealot  
  100  17:23  Zealot x2  
  76  17:32  Zealot x2  
  76  17:33  Zealot  
  70  17:40  Zealot  
  70  17:41  Zealot  
  60  17:49  Zealot  

Tags
 
Add a new tag
Caveats
  • Supply blocks, unpowered buildings, or Contaminate may cause inaccurate times.
  • Supply counts are checked every 10 seconds.